 Dungeon Crawl Stone Soup version 0.31-a0-4-gefa6de2278 (webtiles) character file.

Game seed: 5286214058010820063

715 leduwah the Conjurer (level 7, 0/59 HPs)
             Began as a Green Draconian Reaver on May 4, 2023.
             Splashed by a jelly's acid (7 damage)
             ... on level 5 of the Dungeon.
             The game lasted 00:36:01 (4251 turns).

leduwah the Conjurer (Green Draconian Reaver)       Turns: 4251, Time: 00:36:05

Health: 0/59       AC: -9    Str: 21    XL:     7   Next: 41%
Magic:  11/11      EV: 12    Int: 12    God:
Gold:   249        SH:  0    Dex:  8    Spells: 11/12 levels left

rFire   . . .        k - +2 whip (vamp)
rCold   . . .        (no shield)
rNeg    . . .        (body armour unavailable)
rPois   +            (helmet restricted)
rElec   .            (no cloak)
rCorr   .            (no gloves)
SInv    .            g - +0 pair of boots
Will    .....        p - amulet of regeneration
Stlth   +            (no ring)
HPRegen 1.09/turn    (no ring)
MPRegen 0.12/turn

%: no passive effects
@: corroded
A: breathe noxious fumes, AC +6, unfitting armour, poison resistance,
cold-blooded, strong 1, no potion heal 1
a: Breathe Noxious Fumes


You were on level 5 of the Dungeon.
You visited 1 branch of the dungeon, and saw 5 of its levels.

You collected 249 gold pieces.

Inventory:

Hand Weapons
 a - a +0 falchion
 d - a +0 halberd of protection
 k - a +2 vampiric whip (weapon)
 r - a +1 vampiric trident
Armour
 g - a +0 pair of boots (worn)
Jewellery
 j - an amulet of the acrobat
 p - an amulet of regeneration (around neck)
Scrolls
 e - 4 scrolls of teleportation
Potions
 b - a potion of brilliance
 c - 3 potions of might
 f - a potion of ambrosia {unknown}
 h - a potion of invisibility
 i - 2 potions of haste
 o - a potion of cancellation
 q - a potion of berserk rage


   Skills:
 * Level 4.0 Fighting
 + Level 3.4 Long Blades
 + Level 3.6 Maces & Flails
 - Level 1.6 Throwing
 + Level 4.0 Dodging
 + Level 0.8 Stealth
 * Level 3.1 Spellcasting
 * Level 4.2 Conjurations


You had 11 spell levels left.
You knew the following spells:

 Your Spells              Type           Power      Damage    Failure   Level
a - Kiss of Death         Conj/Necr      24%        2d7       11%         1

Your spell library contained the following spells:

 Spells                   Type           Power      Damage    Failure   Level
 Momentum Strike          Conj/Tloc      12%        3d8       16%         2
 Hailstorm                Conj/Ice       6%         3d4       30%         3
 Blink                    Tloc           2%         N/A       36%         2
 Lesser Beckoning         Tloc           2%         N/A       36%         2


Dungeon Overview and Level Annotations

Branches:
Dungeon (5/15)
 Temple: D:4-7

Altars:

Shops:
D:2 ((

Annotations:
D:2 1 runed translucent door, Crazy Yiuf


Innate Abilities, Weirdness & Mutations

You can breathe blasts of noxious fumes.
Your lurid green scales are hard. (AC +6)
You cannot fit into any form of body armour.
Your system is resistant to poisons. (rPois)
You are cold-blooded and may be slowed by cold attacks.
Your muscles are strong. (Str +4, Int/Dex -1)
Potions are less effective at restoring your health.


Message History

The howler monkey barely misses you.
You whack the howler monkey!
You kill the howler monkey!
Your Dodging skill increases to level 4!
You hit the adder.
You kill the adder!
Your Fighting skill increases to level 4!
A jelly comes into view.
The jelly quivers.
You hit the jelly. The acid corrodes you!
Your hands burn!
The jelly is moderately wounded.
The jelly barely misses you.
You barely miss the jelly. You tail-slap the jelly.
The jelly is moderately wounded.
The jelly barely misses you.
You hit the jelly.
Your hands burn!
You tail-slap the jelly.
The jelly is heavily wounded.
The jelly hits you. The acid corrodes you!
You are splashed with acid!
You hit the jelly but do no damage.
Your hands burn!
You tail-slap the jelly, but do no damage.
The jelly is heavily wounded.
The jelly barely misses you.
You hit the jelly.
Your hands burn!
The jelly is severely wounded.
The jelly hits you. The acid corrodes you!
You are splashed with acid!
You hit the jelly but do no damage. The acid corrodes you!
Your hands burn!
You tail-slap the jelly, but do no damage.
The jelly is severely wounded.
The jelly hits you.
You are splashed with acid!
You hit the jelly but do no damage. The acid corrodes you!
Your hands burn!
The jelly is severely wounded.
The jelly hits you.
You are splashed with acid!
* * * LOW HITPOINT WARNING * * *
You hit the jelly but do no damage.
Your hands burn!
* * * LOW HITPOINT WARNING * * *
The jelly is severely wounded.
The jelly hits you.
* * * LOW HITPOINT WARNING * * *
You are splashed with acid!
You die...

....... ......
....... ......
....... .....###
....... #... ..#
...(... #..# #.#
....... #..# #.#
......J#####..###.#
#.@.......##.#
#.#####...##<####.#
... #............#
#.## ##...##.######
#. #......# #
##.##### #.# #.#
#.#


You could see a jelly.

Vanquished Creatures
  A black bear (D:4)
  An ogre (D:4)
  2 howler monkeys
  A vampire bat (D:3)
  2 hounds (D:4)
  A gnoll bouda (D:4)
  Natasha (thrice) (D:2)
  4 gnolls (D:4)
  5 adders
  2 ufetubi (D:4)
  2 worms (D:2)
  A dart slug (D:3)
  An orc (D:3)
  2 spectral bats (D:3)
  8 ball pythons
  3 bat skeletons (D:3)
  A bat zombie (D:3)
  8 endoplasms
  3 fire bats (D:3)
  6 giant cockroaches
  7 goblins
  3 hobgoblins
  10 kobolds
  7 quokkas
  13 bats
  A bat simulacrum (D:3)
  3 frilled lizards
  6 rats
  A bush (D:1)
108 creatures vanquished.

Notes
Turn   | Place    | Note
-------+----------+-------------------------------------------
     0 | D:1      | leduwah the Draconian Reaver began the quest for the Orb.
     0 | D:1      | Reached XP level 1. HP: 17/17 MP: 3/3
   139 | D:1      | Reached XP level 2. HP: 21/25 MP: 5/5
   959 | D:2      | Noticed Natasha
  1015 | D:2      | Found a runed translucent door.
  1016 | D:2      | Noticed Crazy Yiuf
  1082 | D:2      | Reached XP level 3. HP: 13/30 MP: 6/6
  1234 | D:2      | Found Mebo's Weapon Shop.
  1246 | D:2      | Found Xicviuxo's Antique Weapon Shoppe.
  1318 | D:2      | Killed Natasha
  1486 | D:2      | Noticed Natasha
  1498 | D:2      | HP: 1/30 [cerulean imp/+2 spear[Natasha] (1)]
  1502 | D:2      | Killed Natasha
  1503 | D:2      | Reached skill level 1 in Maces & Flails
  1503 | D:2      | Reached XP level 4. HP: 14/37 MP: 7/7
  1510 | D:2      | Reached skill level 1 in Throwing
  1556 | D:2      | Noticed Natasha
  1577 | D:2      | Killed Natasha
  2065 | D:3      | Reached XP level 5. HP: 45/45 MP: 8/8
  2330 | D:3      | Reached XP level 6. HP: 51/51 MP: 9/9
  3388 | D:5      | Entered Level 5 of the Dungeon
  3400 | D:4      | Your scales start taking on a lurid green colour.
  3400 | D:4      | Reached XP level 7. HP: 43/57 MP: 11/11
  3400 | D:4      | Gained mutation: Your system is resistant to poisons.
                  | (rPois) [Green Draconian growth]
  3492 | D:4      | Gained mutation: Your muscles are strong. (Str +4, Int/Dex
                  | -1) [potion of mutation]
  3492 | D:4      | Gained mutation: Potions are less effective at restoring
                  | your health. [potion of mutation]
  4251 | D:5      | Splashed by a jelly's acid

Illustrated notes

Levels and vault maps discovered:
D:1:      minmay_arrival_open_corners, layout_rooms, minmay_hedge_maze
D:2:      layout_rooms, serial_shops, shop, shop, uniq_crazy_yiuf_cottage,
          uniq_natasha
D:3:      layout_basic, kennysheep_nondescript, goddamned_bats
D:4:      layout_loops_ring
D:5:      layout_loops_corners, minmay_temple_entry_tees

Skill      XL: |  1  2  3  4  5  6  7 |
---------------+----------------------+-----
Dodging        | 2 3 4 |  4.0
Maces & Flails | 1 2 3 |  3.6
Throwing       | 1 |  1.6
Fighting       | 3 4 |  4.0
Conjurations   | 4 |  4.2
Spellcasting   | 3 |  3.1
Long Blades    | |  3.4
Stealth        | |  0.8

Action                     |  1- 3 |  4- 6 |  7- 9 || total
---------------------------+-------+-------+-------++-------
  Melee: Falchion          |    49 |       |       ||    49
         Tailslap          |    57 |    28 |    12 ||    97
         Whip              |   221 |   277 |    44 ||   542
         Punch             |     1 |     3 |     1 ||     5
  Throw: Stone             |    18 |     4 |       ||    22
         Dart              |     7 |    15 |     2 ||    24
Ability: Breathe Noxious F |       |       |     1 ||     1
    Use: Potion            |     6 |     4 |     1 ||    11
         Scroll            |       |     6 |     5 ||    11
 Armour: Skin              |    37 |   161 |    10 ||   208
  Dodge: Dodged            |    86 |   280 |    19 ||   385

Table legend: (Time is in decaauts)
 A = Elapsed time spent in this place.
 B = Non-inter-level travel time spent in this place.
 C = Inter-level travel time spent in this place.
 D = Time resting spent in this place.
 E = Time spent auto-exploring this place.
 F = Levels seen in this place.
 G = Mean time per level.
                   A        B        C        D        E       F      G
               +--------+--------+--------+--------+--------+-----+--------+
         Total |   4312 |   4312 |      0 |    988 |   1465 |   5 |  862.4 |
       Dungeon |   4312 |   4312 |      0 |    988 |   1465 |   5 |  862.4 |
               +--------+--------+--------+--------+--------+-----+--------+

Top non-repeatable levels by time:
     D:4: 1399 daAuts
     D:1: 996 daAuts
     D:2: 982 daAuts
     D:3: 892 daAuts
     D:5: 41 daAuts
